 Dungeon Crawl Stone Soup version 0.22-a0-305-gd21a89c (webtiles) character file.

144 Amnesiac the Conjurer (level 5, -4/35 HPs)
             Began as a Mummy Conjurer on Mar 30, 2018.
             Was an Initiate of Vehumet.
             Slain by Crazy Yiuf
             ... wielding a +2 quarterstaff of chaos
              (7 damage)
             ... on level 2 of the Dungeon.
             The game lasted 00:04:25 (3120 turns).

Amnesiac the Conjurer (Mummy Conjurer)              Turns: 3120, Time: 00:04:26

Health: -4/35      AC:  2    Str: 11    XL:     5   Next: 5%
Magic:  0/11       EV: 12    Int: 16    God:    Vehumet [......]
Gold:   221        SH:  0    Dex: 12    Spells: 8/13 levels left

rFire    x . .     SeeInvis .   g - +0 long sword (flame)
rCold    + . .     Gourm    .   (no shield)
rNeg     + + +     Faith    .   a - +0 robe
rPois    ∞         Spirit   .   (no helmet)
rElec    .         Reflect  .   (no cloak)
rCorr    .         Harm     .   (no gloves)
MR       .....                  (no boots)
Stlth    ++........             e - amulet of magic regeneration
HPRegen  0.11/turn              (no ring)
MPRegen  0.37/turn              (no ring)

@: very slightly contaminated
A: no food or potions, fire vulnerability, cold resistance 1, negative energy
resistance 3, torment resistance, unbreathing
a: Renounce Religion


You were on level 2 of the Dungeon.
You worshipped Vehumet.
Vehumet was noncommittal.
You were not hungry.

You visited 1 branch of the dungeon, and saw 3 of its levels.

You collected 221 gold pieces.

Inventory:

Hand Weapons
 g - a +0 long sword of flaming (weapon)
Armour
 a - a +0 robe (worn)
 d - a +0 helmet
Jewellery
 e - an amulet of magic regeneration (around neck)
Scrolls
 b - a scroll of teleportation {!r}
 c - a scroll of identify {!r}
 h - 2 scrolls of magic mapping {!r}


   Skills:
 - Level 1.5 Dodging
 - Level 1.5 Stealth
 + Level 4.5 Spellcasting
 * Level 4.6 Conjurations


You had 8 spell levels left.
You knew the following spells:

 Your Spells              Type           Power        Failure   Level  Hunger
a - Magic Dart            Conj           ###.         2%          1    N/A
d - Iskenderun's Mystic   Conj           ###.....     24%         4    N/A

Dungeon Overview and Level Annotations

Branches:
Dungeon (3/15)

Altars:
Cheibriados
Fedhas
Gozag
Nemelex Xobeh
Vehumet

Annotations:
D:2 Crazy Yiuf, Natasha


Innate Abilities, Weirdness & Mutations

You do not eat or drink.
Your flesh is vulnerable to fire.
You are immune to poison.
Your flesh is cold resistant. (rC+)
You are immune to negative energy. (rN+++)
You are immune to unholy pain and torment.
You can survive without breathing.


Message History

Partly explored, unopened runed door.
You open the door.
Crazy Yiuf the Enlightened comes into view.
He is wielding a quarterstaff of chaos.
Found a mace.
Casting: Magic Dart (safe; 2% risk of failure)
Confirm with . or Enter, or press ? or * to list all spells.
Aiming: Magic Dart (safe; 2% risk of failure)
Press: ? - help, Shift-Dir - straight line, f - Crazy Yiuf
Aim: Crazy Yiuf, wielding a quarterstaff of chaos and wearing an embroidered cloak (resting)
The magic dart hits Crazy Yiuf.
Crazy Yiuf shouts!
Casting: Magic Dart (safe; 2% risk of failure)
Confirm with . or Enter, or press ? or * to list all spells.
Aiming: Magic Dart (safe; 2% risk of failure)
Press: ? - help, Shift-Dir - straight line, f/p - Crazy Yiuf
Aim: Crazy Yiuf, wielding a quarterstaff of chaos and wearing an embroidered cloak The magic dart hits Crazy Yiuf.
Crazy Yiuf is moderately wounded.
Unknown command.
Casting: Magic Dart (safe; 2% risk of failure)
Confirm with . or Enter, or press ? or * to list all spells.
You don't know that spell.
Unknown command.
Casting: Magic Dart (safe; 2% risk of failure)
Confirm with . or Enter, or press ? or * to list all spells.
You don't know that spell.
Casting: Magic Dart (safe; 2% risk of failure)
Confirm with . or Enter, or press ? or * to list all spells.
You don't know that spell.
Adjust (i)tems, (s)pells, or (a)bilities?
Adjust which spell? b - Iskenderun's Mystic Blast Adjust to which letter? d - Iskenderun's Mystic Blast
Casting: Magic Dart (safe; 2% risk of failure)
Confirm with . or Enter, or press ? or * to list all spells.
Aiming: Iskenderun's Mystic Blast (slightly dangerous; 24% risk of failure)
Press: ? - help, Shift-Dir - straight line, f/p - Crazy Yiuf
Aim: Crazy Yiuf, wielding a quarterstaff of chaos and wearing an embroidered cloak (moderately wounded)
The orb of energy hits Crazy Yiuf.
Crazy Yiuf is severely wounded.
The orb of energy explodes!
Unknown command.
Casting: Iskenderun's Mystic Blast (slightly dangerous; 24% risk of failure)
Confirm with . or Enter, or press ? or * to list all spells.
Aiming: Iskenderun's Mystic Blast (slightly dangerous; 24% risk of failure)
Press: ? - help, Shift-Dir - straight line, f/p - Crazy Yiuf
Aim: Crazy Yiuf, wielding a quarterstaff of chaos and wearing an embroidered cloak (severely wounded)
You miscast Iskenderun's Mystic Blast.
You are very lightly contaminated with residual magic.
A wave of violent energy washes through your body!
Crazy Yiuf hits you with a quarterstaff of chaos!
* * * LOW HITPOINT WARNING * * *
You convulse!
* * * LOW HITPOINT WARNING * * *
Crazy Yiuf glowers.
Casting: Iskenderun's Mystic Blast (slightly dangerous; 24% risk of failure)
Confirm with . or Enter, or press ? or * to list all spells.
Aiming: Iskenderun's Mystic Blast (slightly dangerous; 24% risk of failure)
Press: ? - help, Shift-Dir - straight line, f/p - Crazy Yiuf
Aim: Crazy Yiuf, wielding a quarterstaff of chaos and wearing an embroidered cloak (severely wounded)
You miscast Iskenderun's Mystic Blast.
Your skin tingles.
Crazy Yiuf hits you with a quarterstaff of chaos!
You die...

.!.......# #.# #.#
###.....## #.# #.#
##.#### ### #.#
###### #.# ...<.#
#.# ###### ###
♣♣##.## ######
#)..#♣♣ ♣♣.#...##
.....#
#...'.♣♣♣♣.......##
######
#...#♣..♣@...).!..#
#..# ###
♣♣♣g♣.)#....##
###.## ♣♣♣♣♣##..##
.)...# #.##
###.###############
###
#...............#
#>###.........###
#.# #.#.####### #.#
#.#.#


You could see Crazy Yiuf.

Vanquished Creatures
  Natasha (twice) (D:2)
  3 adders
  2 oozes
  A worm (D:2)
  A leopard gecko (D:1)
  2 orcs
  7 bats
  4 giant cockroaches (D:1)
  6 goblins
  9 hobgoblins
  2 jackals
  4 kobolds (D:2)
  8 rats
51 creatures vanquished.

Notes
Turn   | Place    | Note
-------+----------+-------------------------------------------
     0 | D:1      | Amnesiac the Mummy Conjurer began the quest for the Orb.
     0 | D:1      | Reached XP level 1. HP: 13/13 MP: 4/4
   490 | D:1      | Reached XP level 2. HP: 19/19 MP: 0/6
  1436 | D:1      | Reached XP level 3. HP: 24/24 MP: 6/8
  1640 | D:2      | Found a radiant altar of Vehumet.
  1643 | D:2      | Became a worshipper of Vehumet
  1683 | D:2      | Found a runed door.
  1936 | D:2      | Noticed Natasha
  2173 | D:3      | Found a sparkling altar of Nemelex Xobeh.
  2366 | D:2      | Found a blossoming altar of Fedhas.
  2550 | D:2      | Reached XP level 4. HP: 26/30 MP: 3/10
  2555 | D:2      | Killed Natasha
  2578 | D:2      | Noticed Natasha
  2592 | D:2      | Learned a level 4 spell: Iskenderun's Mystic Blast
  2753 | D:2      | Killed Natasha
  2878 | D:2      | Reached XP level 5. HP: 35/35 MP: 7/11
  2924 | D:2      | Found a snail-covered altar of Cheibriados.
  2930 | D:2      | Found an opulent altar of Gozag.
  3019 | D:2      | Noticed Natasha
  3111 | D:2      | Noticed Crazy Yiuf
  3120 | D:2      | Slain by Crazy Yiuf

Vault maps used:
D:1:      elethiomel_arrival_maze
D:2:      nicolae_overflow_hidden_temple, marbit_many_paths,
          grunt_temple_overflow_open, solitary_fountain,
          uniq_crazy_yiuf_cottage, uniq_natasha
D:3:      overflow_temple_1_default, nemelex_diamond_rough_becter

Skill      XL: |  1  2  3 |
---------------+----------+-----
Spellcasting   | 3 4 |  4.5
Conjurations   | 4 |  4.6
Dodging        | |  1.5
Stealth        | |  1.5

Action                   |  1- 3 |  4- 6 || total
-------------------------+-------+-------++-------
Melee: Unarmed           |    27 |       ||    27
       Long sword        |     7 |       ||     7
 Cast: Magic Dart        |   115 |    39 ||   154
       Iskenderun's Myst |       |     1 ||     1
  Use: Scroll            |     4 |       ||     4
Armor: Robe              |    17 |     1 ||    18
Dodge: Dodged            |    54 |     2 ||    56
       Rpst.: Long sword |     5 |     1 ||     6

Table legend:
 A = Spawn XP
 B = Non-spawn XP
 C = Spawn XP percentage of total XP
 D = Spawn monster count
 E = Non-spawn monster count
 F = Spawn count percentage of total count
 G = Total turns spent on level
                    A         B        C        D         E        F      G
               +---------+---------+-------+---------+---------+-------+---------
         Total |       0 |     207 |   0.0 |       0 |      51 |   0.0 |  3120
               +---------+---------+-------+---------+---------+-------+---------
           D:1 |       0 |      41 |   0.0 |       0 |      20 |   0.0 |  1610
           D:2 |       0 |     143 |   0.0 |       0 |      25 |   0.0 |  1068
           D:3 |       0 |      23 |   0.0 |       0 |       6 |   0.0 |   442
               +---------+---------+-------+---------+---------+-------+---------
